 Dungeon Crawl Stone Soup version 0.31-a0-229-g1fc7ce93e2 (webtiles) character file.

Game seed: 12450142797135584818

64 qw the Chopper (level 4, 0/28 HPs)
             Began as a Gargoyle Fighter on July 6, 2023.
             Slain by a hobgoblin (2 damage)
             ... on level 2 of the Dungeon.
             The game lasted 00:00:29 (752 turns).

qw the Chopper (Gargoyle Fighter)                    Turns: 752, Time: 00:00:29

Health: 0/28       AC: 11    Str: 21    XL:     4   Next: 12%
Magic:  4/4        EV:  9    Int:  9    God:
Gold:   111        SH:  4    Dex:  9    Spells: 3/3 levels left

rFire   . . .        Y - +0 war axe
rCold   . . .        c - +0 buckler
rNeg    + . .        b - +0 scale mail
rPois   inf          f - +0 helmet
rElec   +            (no cloak)
rCorr   .            (no gloves)
SInv    .            (no boots)
Will    +....        (no amulet) Stlth
                     (no ring)
HPRegen 0.24/turn    (no ring)
MPRegen 0.09/turn

%: no passive effects
@: no status effects
A: sickness immunity, AC +3, negative energy resistance 1, electricity
resistance, torment resistance 1, petrification resistance, strong-willed 1,
evolution 1
a: no special abilities


You were on level 2 of the Dungeon.
You visited 1 branch of the dungeon, and saw 2 of its levels.

You collected 111 gold pieces.


Innate Abilities, Weirdness & Mutations

You are immune to sickness and miasma.
Your stone body is resilient. (AC +3)
You are immune to poison.
You resist negative energy. (rN+)
You are resistant to electric shocks. (rElec)
You are resistant to unholy torment.
You are immune to petrification.
You are strong-willed. (Will+)
You have hidden genetic potential.


   Skills:
 - Level 3.2 Fighting
 + Level 3.9 Axes
 - Level 3.2 Armour
 - Level 3.2 Shields


You had 3 spell levels left.
You didn't know any spells.
Your spell library was empty.

Inventory:

Hand Weapons
 h - a +0 flail
 Y - a +0 war axe (weapon)
Armour
 b - a +0 scale mail (worn)
 c - a +0 buckler (worn)
 f - a +0 helmet (worn)
Potions
 d - a potion of might
 e - a potion of curing {unknown}
 i - a potion of cancellation {unknown}
 j - 3 potions of mutation
 k - a potion of attraction {unknown}
 l - a potion of degeneration {unknown}

Dungeon Overview and Level Annotations

Branches:
Dungeon (2/15)

Altars:


Message History

The kobold closely misses you. x2
You completely miss the kobold. The kobold misses you.
You slash the kobold!
You kill the kobold!
Items here: %% )).
An orc priest comes into view. It is wielding a +0 trident.
737 ||| Stepping ~*~*~tactically~*~*~ (stealth).
An orc priest is nearby!
739 ||| Stepping ~*~*~tactically~*~*~ (stealth).
An orc priest is nearby!
742 ||| Stepping ~*~*~tactically~*~*~ (stealth).
The orc priest shouts!
You hear a shout!
744 ||| Stepping ~*~*~tactically~*~*~ (hiding).
A hobgoblin comes into view.
The orc priest hits you from afar with a +0 trident.
The orc priest hits you with a +0 trident.
The hobgoblin hits you but does no damage.
You barely miss the orc priest. You barely miss the hobgoblin.
The orc priest barely misses you. The hobgoblin barely misses you.
An endoplasm comes into view.
The orc priest calls down the wrath of Beogh upon you.
Pain shoots through your body! The hobgoblin closely misses you.
You hit the orc priest but do no damage.
You barely miss the hobgoblin.
The orc priest hits you with a +0 trident.
The hobgoblin barely misses you.
You closely miss the orc priest. You barely miss the hobgoblin.
The orc priest calls down the wrath of Beogh upon you.
Beogh smites you!
The hobgoblin hits you but does no damage.
You barely miss the orc priest. You closely miss the hobgoblin.
The orc priest closely misses you.
The hobgoblin hits you but does no damage.
The orc priest hits you with a +0 trident.
The hobgoblin closely misses you.
You barely miss the orc priest. You hit the hobgoblin but do no damage.
The orc priest invokes the aid of Beogh against you.
You resist with some effort. The hobgoblin hits you.
You die...

....... #. #.#.#.#
# #. #.#.#.# #.#.
#.#.#.# ###.#.#
#.#.#.# #.# #......
#.#.#)# ... ...
#...... #.#[#.###.#
#.#
#.....g##.#.#...#.#
#.#
.....Jo@....)...#.#
#.#
....#.###.#.##..#.#
#.# # # #.#.##..#.#
#.# #.#.##....###.#
#.#:###.#.....##
#.#.# #.##.##..#
#.#.# #.##.###..
....# #.##...##.
### #.####....


You could see an orc priest, an endoplasm and a hobgoblin.

Vanquished Creatures
  An orc priest (D:2)
  A gnoll (D:1)
  2 dart slugs (D:1)
  An orc (D:2)
  4 ball pythons (D:1)
  An endoplasm (D:1)
  A goblin (D:1)
  A quokka (D:1)
  2 bats (D:1)
  2 frilled lizards
  5 kobolds
  3 rats
24 creatures vanquished.

Notes
Turn   | Place    | Note
-------+----------+-------------------------------------------
     0 | D:1      | qw the Gargoyle Fighter began the quest for the Orb.
     0 | D:1      | Reached XP level 1. HP: 14/14 MP: 1/1
     0 | D:1      | 0 ||| qw: Version: 0.3-a-46-gb1f654a
     0 | D:1      | 0 ||| qw: Game counter: 1084
     0 | D:1      | 0 ||| qw: Melee chars always use a shield: true
     0 | D:1      | 0 ||| qw: God list: Okawaru
     0 | D:1      | 0 ||| qw: Allow faded altars: false
     0 | D:1      | 0 ||| qw: Do Orc after clearing Dungeon:15 true
     0 | D:1      | 0 ||| qw: Do second Lair branch before Depths: true
     0 | D:1      | 0 ||| qw: Lair rune preference: random
     0 | D:1      | 0 ||| qw: Goals: Normal, Zot:1-4, Slime:5, God:TSO, Crypt,
                  | Tomb, Abyss, Pan, Hells, Win
     0 | D:1      | 0 ||| PLANNING D:1-11
    55 | D:1      | 55 ||| Stepping ~*~*~tactically~*~*~ (hiding).
   114 | D:1      | Reached XP level 2. HP: 7/19 MP: 2/2
   168 | D:1      | 168 ||| DROPPING +0 whip.
   278 | D:1      | 278 ||| Stepping ~*~*~tactically~*~*~ (hiding).
   303 | D:1      | Reached skill level 3 in Axes
   429 | D:1      | Reached XP level 3. HP: 23/23 MP: 3/3
   472 | D:1      | Found a faded altar of an unknown god.
   589 | D:1      | 589 ||| UPGRADING to +0 helmet.
   594 | D:1      | 594 ||| READING scroll labelled JIHAIM DEJAYKA.
   595 | D:1      | 595 ||| DRINKING 4 green potions.
   595 | D:1      | Gained mutation: You are strong-willed. (Will+) [potion of
                  | mutation]
   595 | D:1      | Gained mutation: You have hidden genetic potential. [potion
                  | of mutation]
   716 | D:2      | 716 ||| Stepping ~*~*~tactically~*~*~ (hiding).
   725 | D:2      | Reached XP level 4. HP: 28/28 MP: 4/4
   737 | D:2      | 737 ||| Stepping ~*~*~tactically~*~*~ (stealth).
   739 | D:2      | 739 ||| Stepping ~*~*~tactically~*~*~ (stealth).
   742 | D:2      | 742 ||| Stepping ~*~*~tactically~*~*~ (stealth).
   744 | D:2      | 744 ||| Stepping ~*~*~tactically~*~*~ (hiding).
   751 | D:2      | HP: 2/28 [orc priest/+0 trident (6)]
   752 | D:2      | Slain by a hobgoblin

Levels and vault maps discovered:
D:1:      mrwooster_arrival_statue, layout_rooms,
          shapermc_ecumenical_altar_pompeii, roderic_cross_of_infinity
D:2:      layout_basic, minmay_misc_feat_hallway, uniq_jessica

Skill      XL: |  1  2 |
---------------+-------+-----
Axes           | 2 3 |  3.9
Fighting       | |  3.2
Armour         | |  3.2
Shields        | |  3.2

Action                     |  1- 3 |  4- 6 || total
---------------------------+-------+-------++-------
  Melee: War axe           |    50 |    11 ||    61
    Use: Scroll            |     1 |       ||     1
         Potion            |     1 |       ||     1
 Armour: Scale mail        |    22 |     6 ||    28
  Dodge: Dodged            |    14 |    10 ||    24
  Block: Buckler           |     9 |     1 ||    10

Table legend:
 A = Non-vault XP
 B = Vault XP
 C = Vault XP percentage of total XP
 D = Non-vault monster count
 E = Vault monster count
 F = Vault count percentage of total count
                 A         B        C        D         E       F
            +---------+---------+-------+---------+---------+-------
      Total |      92 |       0 |   0.0 |      24 |       0 |   0.0
            +---------+---------+-------+---------+---------+-------
        D:1 |      45 |       0 |   0.0 |      19 |       0 |   0.0
        D:2 |      47 |       0 |   0.0 |       5 |       0 |   0.0
            +---------+---------+-------+---------+---------+-------
